 Dungeon Crawl Stone Soup version 0.24.0-125-gc4c63601f3 (console) character file.

Game seed: 11328666200645595704, levelgen mode: deterministic

190 Kagalorn the Sneak (level 5, -5/31 HPs)
             Began as an Octopode Venom Mage on Mar 7, 2020.
             Slain by a worker ant (7 damage)
             ... on level 3 of the Dungeon.
             The game lasted 00:08:55 (2939 turns).

Kagalorn the Sneak (Octopode Venom Mage)            Turns: 2939, Time: 00:08:56

Health: -5/31      AC:  1    Str:  7    XL:     5   Next: 69%
Magic:  3/8        EV: 19    Int: 19    God:
Gold:   173        SH:  0    Dex: 17    Spells: 7/8 levels left

rFire    . . .     SeeInvis .   a - +0 quarterstaff
rCold    . . .     Gourm    .   (shield currently unavailable)
rNeg     . . .     Faith    .   (helmet restricted)
rPois    .         Spirit   .   (no amulet)
rElec    .         Reflect  .   (no ring)
rCorr    .         Harm     .   (no ring)
MR       .....                  (no ring)
Stlth    +++++.....             (no ring)
HPRegen  0.10/turn              (no ring)
MPRegen  0.11/turn              (no ring)
                                (no ring)
                                (no ring)

@: agile, lethally poisoned (-5 -> -10), very slightly contaminated
A: almost no armour, stealthy swim, amphibious, 8 rings, constrict 8, camouflage
1, gelatinous body 1
a: no special abilities


You were on level 3 of the Dungeon.
You were not hungry.

You visited 1 branch of the dungeon, and saw 4 of its levels.

You collected 173 gold pieces.

Inventory:

Hand Weapons
 a - a +0 quarterstaff (weapon)
Missiles
 f - 104 stones (quivered)
 o - 11 poisoned darts
Scrolls
 c - 6 scrolls of identify {unknown}
 g - 3 scrolls of magic mapping {unknown}
 j - a scroll of enchant weapon {unknown}
 l - a scroll of fog {unknown}
 m - a scroll of fear {unknown}
 n - a scroll of teleportation {unknown}
 q - a scroll of remove curse {unknown}
Potions
 d - 2 potions of resistance {unknown}
 e - a potion of berserk rage {unknown}
 h - 2 potions of curing {unknown}
 i - 2 potions of agility
 k - a potion of cancellation {unknown}
Comestibles
 b - 5 rations
 p - 2 chunks of flesh


   Skills:
 * Level 3.6 Staves
 - Level 2.0 Dodging
 + Level 4.8 Stealth
 - Level 2.1 Spellcasting
 - Level 1.7 Conjurations
 - Level 4.0 Poison Magic


You had 7 spell levels left.
You knew the following spells:

 Your Spells              Type           Power        Failure   Level  Hunger
a - Sting                 Conj/Pois      ##..         4%          1    #......

Your spell library contained the following spells:

 Spells                   Type           Power        Failure   Level  Hunger
 Poisonous Vapours        Pois/Air       #.....       11%         2    ##.....
 Mephitic Cloud           Conj/Pois/Air  #.......     22%         3    ###....
 Olgreb's Toxic Radiance  Pois           ###.....     30%         4    #####..
 Venom Bolt               Conj/Pois      ##........   80%         5    ######.


Dungeon Overview and Level Annotations

Branches:
Dungeon (4/15)
 Temple: D:4-7

Altars:
Kikubaaqudgha
Xom

Annotations:
D:3 Sigmund


Innate Abilities, Weirdness & Mutations

You cannot wear most types of armour.
You are very stealthy in the water. (Stealth+)
You are amphibious.
You can wear up to eight rings at the same time.
You can use your tentacles to constrict eight enemies at once.
Your skin changes colour to match your surroundings (Stealth+).
Your rubbery body absorbs attacks. (AC +1, EV +1)


Message History

Press: ? - help, Shift-Dir - straight line, f/p - worker ant
Aim: a worker ant (lightly wounded)
The sting misses the worker ant.
The worker ant barely misses you.
Casting: Sting (safe; 4% risk of failure)
Confirm with . or Enter, or press ? or * to list all spells.
Aiming: Sting (safe; 4% risk of failure)
Press: ? - help, Shift-Dir - straight line, f/p - worker ant
Aim: a worker ant (lightly wounded)
The sting hits the worker ant.
The worker ant is lightly wounded.
The worker ant bites you.
* * * LOW HITPOINT WARNING * * *
You are lethally poisoned!
The worker ant poisons you! The worker ant bites you.
* * * LOW HITPOINT WARNING * * *
It was a potion of agility.
You feel agile all of a sudden.
* * * LOW HITPOINT WARNING * * *
You feel sick. The worker ant bites you!
You die...

.....#.........>..#
.............######
.............#
####...##.#.####
####....#......# ######
...............###....#
................##....#
.##..#...<.....a.#....#
####.###....[..#@...<.#
# #...###.....##.....#
# ###.###............#
#..##.......#....#
##...............#
##...........>..###
##...............#
##..####........# ##..#
#........#


You could see a worker ant.

Vanquished Creatures
  A vampire bat (D:2)
  2 adders
  5 gnolls (D:2)
  An ooze (D:2)
  3 worms
  4 leopard geckos
  10 bats
  4 bat skeletons (D:2)
  A bat zombie (D:2)
  A giant cockroach (D:1)
  8 goblins
  4 hobgoblins
  6 jackals (D:3)
  2 quokkas
  A ball python (D:2)
  4 frilled lizards
  4 kobolds
  10 rats
71 creatures vanquished.

Notes
Turn   | Place    | Note
-------+----------+-------------------------------------------
     0 | D:1      | Kagalorn the Octopode Venom Mage began the quest for the
                  | Orb.
     0 | D:1      | Reached XP level 1. HP: 11/11 MP: 3/3
   208 | D:1      | Reached XP level 2. HP: 17/17 MP: 0/5
  1075 | D:2      | Reached XP level 3. HP: 17/21 MP: 4/6
  1154 | D:2      | Reached skill level 1 in Staves
  1763 | D:2      | Reached XP level 4. HP: 23/27 MP: 7/7
  1852 | D:2      | Found a shimmering altar of Xom.
  1993 | D:2      | Found an ancient bone altar of Kikubaaqudgha.
  2001 | D:2      | Reached XP level 5. HP: 31/31 MP: 8/8
  2835 | D:3      | Noticed Sigmund
  2939 | D:3      | Slain by a worker ant

Levels and vault maps discovered:
D:1:      lemuel_arrival_muddy, layout_loops_corners
D:2:      layout_basic, kennysheep_vampire_church, tgw_xom
D:3:      layout_rooms, minmay_goblin_outpost, uniq_sigmund
D:4:      layout_loops_ring, grunt_temple_overflow_open, first_ration

Skill      XL: |  1  2  3  4 |
---------------+-------------+-----
Stealth        | 3 4 |  4.8
Poison Magic   | 4 |  4.0
Staves         | 1 3 |  3.6
Dodging        | |  2.0
Spellcasting   | |  2.1
Conjurations   | |  1.7

Action                   |  1- 3 |  4- 6 || total
-------------------------+-------+-------++-------
Melee: Unarmed           |    17 |       ||    17
       Constrict         |    10 |    11 ||    21
       Quarterstaff      |    22 |    38 ||    60
       Tentacles         |     2 |     4 ||     6
 Cast: Sting             |    47 |    51 ||    98
  Use: Potion            |       |     1 ||     1
 Stab: Sleeping          |     5 |     3 ||     8
  Eat: Chunk             |     3 |     4 ||     7
Armor: Skin              |     2 |     7 ||     9
Dodge: Dodged            |    36 |    48 ||    84
